Rangers vs Stars
Created - 14 décembre 2013 at 09:49
Goals
|
| Rangers |
1 |
1 |
1 |
3 |
| Stars |
2 |
2 |
1 |
5 |
|
Shots
|
| Rangers |
11 |
14 |
11 |
36 |
| Stars |
11 |
6 |
10 |
27 |
|
1st period
1. Rangers , Patrice Bergeron 12 (Patrick Sharp, Cam Barker) at 14:49 (PP)
2. Stars , Alexei Morozov 15 (Michael Rupp) at 15:51 (PP)
3. Stars , Michael Rupp 3 (Brian Pothier, Shane Doan) at 16:42
Penalties :
Johan Franzen (NYR) for Interference (Minor) at 12:36, Cory Stillman (Dal) for Roughing (Minor) at 14:25, Matt Read (NYR) for Tripping (Minor) at 15:37
2nd period
4. Stars , Alexei Morozov 16 (Randy Jones, Antoine Vermette) at 2:40
5. Stars , Patrik Elias 6 (Antoine Vermette, Pavel Kubina) at 2:50
6. Rangers , Matt Greene 1 (Byron Ritchie, Jaroslav Balastik) at 17:14
Penalties :
Patrik Elias (Dal) for Fighting (Major) at 3:39, Brad Richards (NYR) for Fighting (Major) at 3:39, Brad Richards (NYR) for instigated a fight (Minor) at 3:39, Brad Richards (NYR) for instigated a fight (10 Minutes Misconduct) at 3:39, Michael Rupp (Dal) for Hooking (Minor) at 4:36, Alexei Morozov (Dal) for Holding (Minor) at 14:46, Alexandre Burrows (NYR) for Roughing (Minor) at 17:37
3rd period
7. Rangers , Jaroslav Balastik 2 (Valtteri Filppula) at 2:35 (SH)
8. Stars , Antoine Vermette 8 (Alexei Morozov, Patrik Elias) at 4:29
Penalties :
Alexandre Burrows (NYR) for Hooking (Minor) at 0:52, Francis Bouillon (Dal) for High sticking (Minor) at 12:27, Michael Rupp (Dal) for Tripping (Minor) at 12:59
Goalie Stats
Hannu Toivonen (NYR), 12 saves from 13 shots - (0,923), 37:10 minutes
Henrik Lundqvist (NYR), 10 saves from 14 shots - (0,714), L, 7-9-2, 22:50 minutes
Pascal Leclaire (Dal), 33 saves from 36 shots - (0,917), W, 11-8-1, 60:00 minutes
Players Stats for Rangers
Player Name G A P +/- PIM S H SB GA TA FO MP PP MP PK MP
------------------------------------------------------------------------------------
Alexandre Burrows 0 0 0 -1 4 1 0 0 0 1 3/4 12:59 0:12 0:17
Brad Richards 0 0 0 -2 17 2 1 1 2 0 16/30 19:21 2:27 3:40
Brent Seabrook 0 0 0 -2 0 3 0 0 0 1 0/0 26:41 3:07 3:00
Bryan Berard 0 0 0 -2 0 2 3 0 1 0 0/0 17:23 2:21 0:00
Byron Ritchie 0 1 1 1 0 1 1 0 0 0 2/5 8:30 0:10 0:30
Cam Barker 0 1 1 -1 0 3 0 1 0 0 0/0 27:23 2:34 3:58
Drew Stafford 0 0 0 -1 0 0 1 1 0 0 0/0 11:02 0:19 0:00
Dustin Brown 0 0 0 -1 0 2 3 0 0 0 0/0 14:07 0:05 0:00
Jaroslav Balastik 1 1 2 2 0 3 2 0 0 1 0/0 7:36 0:00 0:18
Johan Franzen 0 0 0 -2 2 5 2 0 0 1 2/4 18:58 2:50 1:12
Kimmo Timonen 0 0 0 -2 0 5 1 1 0 0 0/0 19:06 3:20 0:00
Mark Fistric 0 0 0 2 0 0 0 0 0 3 0/0 15:09 0:00 3:58
Matt Greene 1 0 1 1 0 3 0 0 0 1 0/0 14:18 0:00 3:00
Matt Read 0 0 0 1 2 0 2 0 0 0 0/0 7:17 0:00 0:00
Milan Lucic 0 0 0 -2 0 2 1 0 0 0 1/1 23:16 2:44 4:36
Patrice Bergeron 1 0 1 -1 0 1 0 1 1 0 3/8 16:18 2:45 0:00
Patrick Sharp 0 1 1 -1 0 3 2 1 0 0 0/0 18:07 2:45 1:47
Valtteri Filppula 0 1 1 0 0 0 3 0 0 1 4/8 14:14 2:46 1:36
Players Stats for Stars
Player Name G A P +/- PIM S H SB GA TA FO MP PP MP PK MP
------------------------------------------------------------------------------------
Alexei Morozov 2 1 3 3 2 5 4 0 4 0 1/1 21:57 3:57 0:23
Antoine Vermette 1 2 3 3 0 5 4 0 0 0 9/24 21:48 2:54 1:34
Brian Gionta 0 0 0 -1 0 0 0 0 2 0 0/1 7:26 0:20 0:00
Brian Pothier 0 1 1 1 0 0 2 0 0 0 0/0 19:13 2:41 0:00
Cory Stillman 0 0 0 -1 2 0 1 1 0 0 0/0 16:27 4:04 2:32
Darren Helm 0 0 0 0 0 0 0 0 0 0 0/1 7:46 0:15 0:02
Evgeny Artyukhin 0 0 0 0 0 0 0 0 0 0 1/1 8:45 0:00 0:00
Filip Novak 0 0 0 1 0 0 0 1 0 0 0/0 16:56 2:41 2:27
Francis Bouillon 0 0 0 1 2 0 1 2 0 1 0/0 18:24 0:00 1:46
Jan Hlavac 0 0 0 0 0 1 1 1 0 1 0/0 8:55 0:14 1:22
Marty Reasoner 0 0 0 0 0 0 2 0 0 0 5/10 12:23 0:00 3:05
Matthew Spiller 0 0 0 0 0 1 3 4 0 1 0/0 27:37 4:17 3:28
Michael Rupp 1 1 2 -1 4 4 1 2 1 1 12/20 17:22 3:48 0:29
Milan Michalek 0 0 0 0 0 2 0 0 0 0 0/0 13:13 0:00 0:13
Patrik Elias 1 1 2 3 5 4 0 1 1 0 0/1 18:44 2:18 0:00
Pavel Kubina 0 1 1 0 0 2 1 2 0 0 0/0 26:43 4:17 3:14
Randy Jones 0 1 1 1 0 0 1 0 1 0 0/0 11:06 0:00 0:27
Shane Doan 0 1 1 0 0 3 3 1 0 0 1/1 16:49 3:02 0:14
3 Stars
1 - Alexei Morozov (Dal)
2 - Antoine Vermette (Dal)
3 - Jaroslav Balastik (NYR)
Power Play
Rangers - 1 on 5 Attempt(s) - 20,00%
Stars - 1 on 5 Attempt(s) - 20,00%
Penalty Kill
Rangers - 4 on 5 Attempt(s) - 80,00%
- Score 1 goal in Penalty Kill
Stars - 4 on 5 Attempt(s) - 80,00%
- Score 0 goal in Penalty Kill
Official
Referees : Walsh Ian and Furlatt Eric
Linesman : Thor Nelson and Mark Shewchyk
Game Notes
Hannu Toivonen enters game at 2:50 of 2nd period
Patrik Elias beats up Brad Richards at 3:39 of 2nd period
Finance
Level 1 -- Attendance: 4095 (68,25%) -- Ticket Income 409 500 $
Level 2 -- Attendance: 3411 (68,22%) -- Ticket Income 204 660 $
Level 3 -- Attendance: 1430 (71,50%) -- Ticket Income 50 050 $
Level 4 -- Attendance: 3886 (97,15%) -- Ticket Income 77 720 $
Luxury Box -- Attendance: 646 (64,60%) -- Ticket Income 129 200 $
Game was played at the American Airlines Center
Total Attendance: 13468 (74,82%)
Total Ticket Income: 871 130 $
Other Income: 130 670 $
Total Income: 1 001 800 $
Rangers
5 vs 5 Forward
Center Left Wing Right Wing Time % Phy DF OF
1 Brad Richards Milan Lucic Johan Franzen 40 1 2 2
2 Patrice Bergeron Patrick Sharp Dustin Brown 30 1 2 2
3 Valtteri Filppula Alexandre Burrows Drew Stafford 20 1 2 2
4 Byron Ritchie Jaroslav Balastik Matt Read 10 1 2 2
5 vs 5 Defense
Defense Defense Time % Phy DF OF
1 Cam Barker Brent Seabrook 40 1 2 2
2 Kimmo Timonen Bryan Berard 30 1 2 2
3 Mark Fistric Matt Greene 20 1 2 2
4 Cam Barker Brent Seabrook 10 1 2 2
PowerPlay Forward
Center Left Wing Right Wing Time % Phy DF OF
1 Brad Richards Milan Lucic Johan Franzen 60 1 2 2
2 Patrice Bergeron Patrick Sharp Valtteri Filppula 40 1 2 2
PowerPlay Defense
Defense Defense Time % Phy DF OF
1 Brent Seabrook Kimmo Timonen 60 1 2 2
2 Cam Barker Bryan Berard 40 1 2 2
Penalty Kill 4 Players Forward
Center Wing Time % Phy DF OF
1 Brad Richards Milan Lucic 60 1 2 2
2 Johan Franzen Patrick Sharp 40 1 2 2
Penalty Kill 4 Players Defense
Defense Defense Time % Phy DF OF
1 Cam Barker Mark Fistric 60 1 2 2
2 Brent Seabrook Matt Greene 40 1 2 2
Penalty Kill - 3 Players Forward
Forward Time % Phy DF OF
1 Brad Richards 60 1 2 2
2 Milan Lucic 40 1 2 2
Penalty Kill - 3 Players Defense
Defense Defense Time % Phy DF OF
1 Cam Barker Mark Fistric 60 1 2 2
2 Brent Seabrook Matt Greene 40 1 2 2
4 vs 4 Forward
Center Wing Time % Phy DF OF
1 Brad Richards Milan Lucic 60 1 2 2
2 Johan Franzen Patrick Sharp 40 1 2 2
4 vs 4 Defense
Defense Defense Time % Phy DF OF
1 Cam Barker Kimmo Timonen 60 1 2 2
2 Brent Seabrook Bryan Berard 40 1 2 2
Last Minutes Offensive
Center Left Wing Right Wing Defense Defense
Brad Richards Milan Lucic Johan Franzen Cam Barker Kimmo Timonen
Last Minutes Defensive
Center Left Wing Right Wing Defense Defense
Brad Richards Milan Lucic Johan Franzen Cam Barker Kimmo Timonen
Goaltenders
Starting : Henrik Lundqvist
Backup : Hannu Toivonen
Extra Forwards
Normal : Alexandre Burrows, Drew Stafford, Valtteri Filppula - PP : Alexandre Burrows, Drew Stafford - PK : Valtteri Filppula
Extra Defensemen
Normal : Cam Barker, Matt Greene, Mark Fistric - PP : Cam Barker - PK : Matt Greene, Mark Fistric
Penalty Shots
Brad Richards, Milan Lucic, Johan Franzen, Patrick Sharp, Patrice Bergeron
Stars
5 vs 5 Forward
Center Left Wing Right Wing Time % Phy DF OF
1 Antoine Vermette Patrik Elias Alexei Morozov 40 1 2 2
2 Michael Rupp Milan Michalek Shane Doan 30 1 2 2
3 Marty Reasoner Cory Stillman Evgeny Artyukhin 20 1 2 2
4 Darren Helm Jan Hlavac Brian Gionta 10 1 2 2
5 vs 5 Defense
Defense Defense Time % Phy DF OF
1 Pavel Kubina Matthew Spiller 40 1 2 2
2 Brian Pothier Francis Bouillon 30 1 2 2
3 Randy Jones Filip Novak 20 1 2 2
4 Pavel Kubina Matthew Spiller 10 1 2 2
PowerPlay Forward
Center Left Wing Right Wing Time % Phy DF OF
1 Michael Rupp Cory Stillman Alexei Morozov 60 1 2 2
2 Antoine Vermette Patrik Elias Shane Doan 40 1 2 2
PowerPlay Defense
Defense Defense Time % Phy DF OF
1 Pavel Kubina Matthew Spiller 60 1 2 2
2 Brian Pothier Filip Novak 40 1 2 2
Penalty Kill 4 Players Forward
Center Wing Time % Phy DF OF
1 Marty Reasoner Cory Stillman 60 1 2 2
2 Michael Rupp Jan Hlavac 40 1 2 2
Penalty Kill 4 Players Defense
Defense Defense Time % Phy DF OF
1 Pavel Kubina Matthew Spiller 60 1 2 2
2 Filip Novak Francis Bouillon 40 1 2 2
Penalty Kill - 3 Players Forward
Forward Time % Phy DF OF
1 Marty Reasoner 60 1 2 2
2 Antoine Vermette 40 1 2 2
Penalty Kill - 3 Players Defense
Defense Defense Time % Phy DF OF
1 Pavel Kubina Matthew Spiller 60 1 2 2
2 Filip Novak Francis Bouillon 40 1 2 2
4 vs 4 Forward
Center Wing Time % Phy DF OF
1 Michael Rupp Alexei Morozov 60 1 2 2
2 Antoine Vermette Shane Doan 40 1 2 2
4 vs 4 Defense
Defense Defense Time % Phy DF OF
1 Pavel Kubina Matthew Spiller 60 1 2 2
2 Filip Novak Francis Bouillon 40 1 2 2
Last Minutes Offensive
Center Left Wing Right Wing Defense Defense
Antoine Vermette Patrik Elias Alexei Morozov Pavel Kubina Brian Pothier
Last Minutes Defensive
Center Left Wing Right Wing Defense Defense
Marty Reasoner Cory Stillman Shane Doan Randy Jones Matthew Spiller
Goaltenders
Starting : Pascal Leclaire
Backup : Vesa Toskala
Extra Forwards
Normal : Shane Doan, Antoine Vermette, Patrik Elias - PP : Alexei Morozov, Shane Doan - PK : Cory Stillman
Extra Defensemen
Normal : Pavel Kubina, Matthew Spiller, Francis Bouillon - PP : Pavel Kubina - PK : Matthew Spiller, Randy Jones
Penalty Shots
Alexei Morozov, Jan Hlavac, Shane Doan, Cory Stillman, Milan Michalek
% Time on Ice - Rangers
Lines # - Real PCT - Wanted PCT - Time Play
Normal Forward
1 - 34% - 40% - 15:32
2 - 30% - 30% - 13:48
3 - 21% - 20% - 9:31
4 - 16% - 10% - 7:18
Normal Defense
1 - 42% - 40% - 19:24
2 - 32% - 30% - 14:41
3 - 24% - 20% - 10:56
4 - 2% - 10% - 1:08
PP Forward
1 - 52% - 60% - 2:56
2 - 48% - 40% - 2:45
PP Defense
1 - 59% - 60% - 3:20
2 - 41% - 40% - 2:21
PK Forward
1 - 74% - 60% - 5:11
2 - 26% - 40% - 1:47
PK Defense
1 - 57% - 60% - 3:58
2 - 43% - 40% - 3:00
PK3 Forward
1 - 0% - 60%
2 - 0% - 40%
PK3 Defense
1 - 0% - 60%
2 - 0% - 40%
44 Forward
1 - 100% - 60% - 1:12
2 - 0% - 40% - 0:00
44 Defense
1 - 74% - 60% - 0:53
2 - 26% - 40% - 0:19
Last Minute Offensive - 0:00
Last Minute Defensive - 0:00
Total
Forward - 60:00
Defense - 60:00
|
% Time on Ice - Stars
Lines # - Real PCT - Wanted PCT - Time Play
Normal Forward
1 - 37% - 40% - 17:15
2 - 28% - 30% - 13:03
3 - 19% - 20% - 8:45
4 - 15% - 10% - 7:06
Normal Defense
1 - 39% - 40% - 18:00
2 - 36% - 30% - 16:39
3 - 24% - 20% - 11:01
4 - 1% - 10% - 0:29
PP Forward
1 - 58% - 60% - 4:04
2 - 42% - 40% - 2:54
PP Defense
1 - 61% - 60% - 4:17
2 - 39% - 40% - 2:41
PK Forward
1 - 81% - 60% - 3:27
2 - 19% - 40% - 0:47
PK Defense
1 - 56% - 60% - 2:23
2 - 44% - 40% - 1:51
PK3 Forward
1 - 82% - 60% - 1:11
2 - 18% - 40% - 0:16
PK3 Defense
1 - 59% - 60% - 0:51
2 - 41% - 40% - 0:36
44 Forward
1 - 100% - 60% - 1:12
2 - 0% - 40% - 0:00
44 Defense
1 - 51% - 60% - 0:37
2 - 49% - 40% - 0:35
Last Minute Offensive - 0:00
Last Minute Defensive - 0:00
Total
Forward - 60:00
Defense - 60:00
|
Play by Play
1st period
0:01 of 1st period - Antoine Vermette wins face-off versus Johan Franzen in neutral zone.
0:12 of 1st period - Slapshot by Johan Franzen.
0:12 of 1st period - Shot Misses the Net.
0:26 of 1st period - Milan Michalek is hit by Patrick Sharp.
0:46 of 1st period - Snap shot by Jan Hlavac.
0:46 of 1st period - Stopped by Henrik Lundqvist with a rebound.
0:48 of 1st period - Slapshot by Brian Pothier.
0:48 of 1st period - Shot Blocked by Drew Stafford.
0:50 of 1st period - Slapshot by Brian Pothier.
0:50 of 1st period - Deflect By Jan Hlavac.
0:50 of 1st period - Shot Misses the Net.
0:50 of 1st period - Puck is out of play.
0:51 of 1st period - Valtteri Filppula wins face-off versus Darren Helm in Rangers zone.
0:58 of 1st period - Slapshot by Kimmo Timonen.
0:58 of 1st period - Stopped by Pascal Leclaire with a rebound.
1:00 of 1st period - Slapshot by Kimmo Timonen.
1:00 of 1st period - Stopped by Pascal Leclaire without a rebound.
1:01 of 1st period - Marty Reasoner wins face-off versus Byron Ritchie in Stars zone.
1:28 of 1st period - Bryan Berard is hit by Alexei Morozov and loses puck.
2:31 of 1st period - Wrist shot by Johan Franzen.
2:31 of 1st period - Deflect By Brad Richards.
2:31 of 1st period - Shot Misses the Net.
2:31 of 1st period - Puck is out of play.
2:32 of 1st period - Brad Richards wins face-off versus Antoine Vermette in Stars zone.
2:57 of 1st period - Alexei Morozov is hit by Johan Franzen and loses puck.
3:18 of 1st period - Slapshot by Patrik Elias.
3:18 of 1st period - Stopped by Henrik Lundqvist with a rebound.
3:22 of 1st period - Wrist shot by Alexei Morozov.
3:22 of 1st period - Shot Misses the Net.
3:24 of 1st period - Slapshot by Patrik Elias.
3:24 of 1st period - Stopped by Henrik Lundqvist without a rebound.
3:25 of 1st period - Michael Rupp wins face-off versus Patrice Bergeron in Rangers zone.
3:38 of 1st period - Snap shot by Patrick Sharp.
3:38 of 1st period - Shot Blocked by Pavel Kubina.
3:40 of 1st period - Wrist shot by Dustin Brown.
3:40 of 1st period - Stopped by Pascal Leclaire without a rebound.
3:41 of 1st period - Marty Reasoner wins face-off versus Valtteri Filppula in Stars zone.
4:06 of 1st period - Marty Reasoner is hit by Jaroslav Balastik and loses puck.
4:35 of 1st period - Snap shot by Brad Richards.
4:35 of 1st period - Shot Misses the Net.
4:39 of 1st period - Snap shot by Johan Franzen.
4:39 of 1st period - Shot Misses the Net.
4:49 of 1st period - Slapshot by Brian Pothier.
4:49 of 1st period - Deflect By Cory Stillman.
4:49 of 1st period - Shot Misses the Net.
4:49 of 1st period - Puck is out of play.
4:50 of 1st period - Michael Rupp wins face-off versus Patrice Bergeron in Rangers zone.
4:51 of 1st period - Snap shot by Milan Michalek.
4:51 of 1st period - Stopped by Henrik Lundqvist with a rebound.
4:53 of 1st period - Snap shot by Pavel Kubina.
4:53 of 1st period - Shot Blocked by Patrick Sharp.
4:55 of 1st period - Slapshot by Pavel Kubina.
4:55 of 1st period - Shot Misses the Net.
5:22 of 1st period - Cam Barker is hit by Randy Jones and loses puck.
6:50 of 1st period - Wrist shot by Johan Franzen.
6:50 of 1st period - Shot Misses the Net.
6:52 of 1st period - Snap shot by Johan Franzen.
6:52 of 1st period - Shot Blocked by Matthew Spiller.
7:22 of 1st period - Mark Fistric is hit by Marty Reasoner and loses puck.
7:45 of 1st period - Slapshot by Jan Hlavac.
7:45 of 1st period - Shot Misses the Net.
8:05 of 1st period - Snap shot by Brad Richards.
8:05 of 1st period - Shot Misses the Net.
8:23 of 1st period - Slapshot by Shane Doan.
8:23 of 1st period - Shot Hit the Post.
8:37 of 1st period - Randy Jones is hit by Dustin Brown.
8:49 of 1st period - Matt Greene is hit by Marty Reasoner and loses puck.
9:24 of 1st period - Antoine Vermette is hit by Byron Ritchie and loses puck.
9:31 of 1st period - Alexei Morozov is hit by Jaroslav Balastik and loses puck.
9:44 of 1st period - Brent Seabrook is hit by Shane Doan and loses puck.
9:51 of 1st period - Randy Jones is hit by Drew Stafford and loses puck.
10:08 of 1st period - Slapshot by Cory Stillman.
10:08 of 1st period - Shot Misses the Net.
10:24 of 1st period - Snap shot by Brad Richards.
10:24 of 1st period - Stopped by Pascal Leclaire without a rebound.
10:25 of 1st period - Brad Richards wins face-off versus Brian Gionta in Stars zone.
10:26 of 1st period - Slapshot by Johan Franzen.
10:26 of 1st period - Shot Misses the Net.
10:32 of 1st period - Slapshot by Johan Franzen.
10:32 of 1st period - Stopped by Pascal Leclaire with a rebound.
10:34 of 1st period - Slapshot by Brent Seabrook.
10:34 of 1st period - Deflect By Brian Pothier.
10:34 of 1st period - Stopped by Pascal Leclaire with a rebound.
10:36 of 1st period - Snap shot by Brad Richards.
10:36 of 1st period - Shot Blocked by Francis Bouillon.
10:38 of 1st period - Slapshot by Brent Seabrook.
10:38 of 1st period - Shot Blocked by Jan Hlavac.
12:08 of 1st period - Wrist shot by Alexei Morozov.
12:08 of 1st period - Shot Misses the Net.
12:18 of 1st period - Snap shot by Patrik Elias.
12:18 of 1st period - Stopped by Henrik Lundqvist with a rebound.
12:26 of 1st period - Randy Jones is hit by Dustin Brown and loses puck.
12:36 of 1st period - Minor Penalty to Johan Franzen for Interference.
12:37 of 1st period - Michael Rupp wins face-off versus Brad Richards in Rangers zone.
14:25 of 1st period - Minor Penalty to Cory Stillman for Roughing.
14:26 of 1st period - Michael Rupp wins face-off versus Brad Richards in Stars zone.
14:36 of 1st period - Penalty to Johan Franzen is over, Johan Franzen is back on ice.
14:47 of 1st period - Snap shot by Cam Barker.
14:47 of 1st period - Stopped by Pascal Leclaire with a rebound.
14:49 of 1st period - Wrist shot by Patrick Sharp.
14:49 of 1st period - Deflect By Patrice Bergeron.
14:49 of 1st period - Goal by Patrice Bergeron - Rangers : 1 - Stars : 0.
14:50 of 1st period - Brad Richards wins face-off versus Antoine Vermette in neutral zone.
15:03 of 1st period - Snap shot by Brad Richards.
15:03 of 1st period - Shot Misses the Net.
15:05 of 1st period - Wrist shot by Brad Richards.
15:05 of 1st period - Deflect By Johan Franzen.
15:05 of 1st period - Stopped by Pascal Leclaire with a rebound.
15:17 of 1st period - Dustin Brown is hit by Matthew Spiller and loses puck.
15:24 of 1st period - Snap shot by Michael Rupp.
15:24 of 1st period - Deflect By Shane Doan.
15:24 of 1st period - Stopped by Henrik Lundqvist with a rebound.
15:37 of 1st period - Minor Penalty to Matt Read for Tripping.
15:38 of 1st period - Michael Rupp wins face-off versus Brad Richards in Rangers zone.
15:47 of 1st period - Snap shot by Michael Rupp.
15:47 of 1st period - Shot Blocked by Brad Richards.
15:49 of 1st period - Wrist shot by Michael Rupp.
15:49 of 1st period - Shot Misses the Net.
15:51 of 1st period - Wrist shot by Alexei Morozov.
15:51 of 1st period - Goal by Alexei Morozov - Rangers : 1 - Stars : 1.
15:52 of 1st period - Antoine Vermette wins face-off versus Brad Richards in neutral zone.
16:28 of 1st period - Icing by Shane Doan.
16:29 of 1st period - Michael Rupp wins face-off versus Patrice Bergeron in Stars zone.
16:34 of 1st period - Slapshot by Milan Michalek.
16:34 of 1st period - Stopped by Henrik Lundqvist with a rebound.
16:36 of 1st period - Slapshot by Shane Doan.
16:36 of 1st period - Stopped by Henrik Lundqvist with a rebound.
16:38 of 1st period - Slapshot by Francis Bouillon.
16:38 of 1st period - Deflect By Shane Doan.
16:38 of 1st period - Stopped by Henrik Lundqvist with a rebound.
16:40 of 1st period - Slapshot by Brian Pothier.
16:40 of 1st period - Shot Blocked by Patrice Bergeron.
16:42 of 1st period - Snap shot by Michael Rupp.
16:42 of 1st period - Goal by Michael Rupp - Rangers : 1 - Stars : 2.
16:43 of 1st period - Brad Richards wins face-off versus Antoine Vermette in neutral zone.
16:52 of 1st period - Wrist shot by Brad Richards.
16:52 of 1st period - Shot Blocked by Matthew Spiller.
17:16 of 1st period - Off-side.
17:17 of 1st period - Valtteri Filppula wins face-off versus Michael Rupp in neutral zone.
17:26 of 1st period - Wrist shot by Valtteri Filppula.
17:26 of 1st period - Shot Misses the Net.
17:33 of 1st period - Off-side.
17:34 of 1st period - Brad Richards wins face-off versus Antoine Vermette in neutral zone.
18:02 of 1st period - Off-side.
18:03 of 1st period - Patrice Bergeron wins face-off versus Michael Rupp in neutral zone.
18:45 of 1st period - Brian Pothier is hit by Patrick Sharp and loses puck.
19:45 of 1st period - Slapshot by Bryan Berard.
19:45 of 1st period - Deflect By Michael Rupp.
19:45 of 1st period - Stopped by Pascal Leclaire with a rebound.
19:47 of 1st period - Slapshot by Patrick Sharp.
19:47 of 1st period - Shot Blocked by Michael Rupp.
19:49 of 1st period - Slapshot by Dustin Brown.
19:49 of 1st period - Stopped by Pascal Leclaire without a rebound.
19:50 of 1st period - Antoine Vermette wins face-off versus Brad Richards in Stars zone.
2nd period
0:01 of 2nd period - Brad Richards wins face-off versus Antoine Vermette in neutral zone.
0:26 of 2nd period - Marty Reasoner is hit by Valtteri Filppula and loses puck.
1:17 of 2nd period - Slapshot by Cam Barker.
1:17 of 2nd period - Stopped by Pascal Leclaire with a rebound.
1:19 of 2nd period - Slapshot by Brent Seabrook.
1:19 of 2nd period - Stopped by Pascal Leclaire with a rebound.
1:29 of 2nd period - Wrist shot by Brad Richards.
1:29 of 2nd period - Shot Misses the Net.
2:24 of 2nd period - Snap shot by Valtteri Filppula.
2:24 of 2nd period - Deflect By Alexandre Burrows.
2:24 of 2nd period - Shot Blocked by Filip Novak.
2:24 of 2nd period - Puck is out of play.
2:25 of 2nd period - Antoine Vermette wins face-off versus Brad Richards in Stars zone.
2:36 of 2nd period - Wrist shot by Antoine Vermette.
2:36 of 2nd period - Stopped by Henrik Lundqvist with a rebound.
2:38 of 2nd period - Slapshot by Randy Jones.
2:38 of 2nd period - Shot Misses the Net.
2:40 of 2nd period - Snap shot by Alexei Morozov.
2:40 of 2nd period - Goal by Alexei Morozov - Rangers : 1 - Stars : 3.
2:41 of 2nd period - Alexei Morozov wins face-off versus Brad Richards in neutral zone.
2:50 of 2nd period - Slapshot by Patrik Elias.
2:50 of 2nd period - Goal by Patrik Elias - Rangers : 1 - Stars : 4.
2:50 of 2nd period - Hannu Toivonen enters game.
2:51 of 2nd period - Johan Franzen wins face-off versus Antoine Vermette in neutral zone.
2:56 of 2nd period - Slapshot by Brent Seabrook.
2:56 of 2nd period - Stopped by Pascal Leclaire without a rebound.
2:57 of 2nd period - Brad Richards wins face-off versus Antoine Vermette in Stars zone.
3:00 of 2nd period - Wrist shot by Brad Richards.
3:00 of 2nd period - Stopped by Pascal Leclaire without a rebound.
3:01 of 2nd period - Brad Richards wins face-off versus Antoine Vermette in Stars zone.
3:39 of 2nd period - Patrik Elias beats up Brad Richards.
3:39 of 2nd period - Penalty to Patrik Elias for Fighting.
3:39 of 2nd period - Penalty to Brad Richards for Fighting.
3:39 of 2nd period - Penalty to Brad Richards for instigated a fight.
3:39 of 2nd period - Penalty to Brad Richards for instigated a fight.
3:40 of 2nd period - Michael Rupp wins face-off versus Valtteri Filppula in Rangers zone.
4:09 of 2nd period - Off-side.
4:10 of 2nd period - Valtteri Filppula wins face-off versus Antoine Vermette in neutral zone.
4:36 of 2nd period - Minor Penalty to Michael Rupp for Hooking.
4:37 of 2nd period - Shane Doan wins face-off versus Alexandre Burrows in Stars zone.
5:39 of 2nd period - Penalty to Brad Richards is over, Valtteri Filppula is send on ice.
6:36 of 2nd period - Penalty to Michael Rupp is over, Michael Rupp is back on ice.
7:00 of 2nd period - Shane Doan is hit by Kimmo Timonen and loses puck.
7:41 of 2nd period - Patrice Bergeron is hit by Michael Rupp and loses puck.
8:30 of 2nd period - Brian Gionta is hit by Bryan Berard and loses puck.
8:55 of 2nd period - Bryan Berard is hit by Alexei Morozov and loses puck.
9:24 of 2nd period - Valtteri Filppula is hit by Shane Doan and loses puck.
9:40 of 2nd period - Brian Pothier is hit by Johan Franzen and loses puck.
10:28 of 2nd period - Byron Ritchie is hit by Alexei Morozov and loses puck.
10:46 of 2nd period - Patrick Sharp is hit by Brian Pothier and loses puck.
10:57 of 2nd period - Backhand shot by Alexandre Burrows.
10:57 of 2nd period - Shot Misses the Net.
10:59 of 2nd period - Slapshot by Matt Greene.
10:59 of 2nd period - Stopped by Pascal Leclaire with a rebound.
11:21 of 2nd period - Snap shot by Patrik Elias.
11:21 of 2nd period - Deflect By Alexei Morozov.
11:21 of 2nd period - Shot Misses the Net.
11:21 of 2nd period - Puck is out of play.
11:22 of 2nd period - Antoine Vermette wins face-off versus Byron Ritchie in Rangers zone.
11:25 of 2nd period - Snap shot by Patrik Elias.
11:25 of 2nd period - Deflect By Alexei Morozov.
11:25 of 2nd period - Shot Misses the Net.
11:25 of 2nd period - Puck is out of play.
11:26 of 2nd period - Byron Ritchie wins face-off versus Antoine Vermette in Rangers zone.
11:26 of 2nd period - Byron Ritchie is hit by Antoine Vermette.
11:42 of 2nd period - Patrik Elias is hit by Matt Read and loses puck.
11:59 of 2nd period - Wrist shot by Johan Franzen.
11:59 of 2nd period - Stopped by Pascal Leclaire with a rebound.
12:01 of 2nd period - Slapshot by Bryan Berard.
12:01 of 2nd period - Deflect By Filip Novak.
12:01 of 2nd period - Stopped by Pascal Leclaire without a rebound.
12:02 of 2nd period - Alexandre Burrows wins face-off versus Michael Rupp in Stars zone.
12:27 of 2nd period - Matthew Spiller is hit by Dustin Brown and loses puck.
12:50 of 2nd period - Snap shot by Dustin Brown.
12:50 of 2nd period - Deflect By Jaroslav Balastik.
12:50 of 2nd period - Stopped by Pascal Leclaire without a rebound.
12:51 of 2nd period - Marty Reasoner wins face-off versus Byron Ritchie in Stars zone.
13:02 of 2nd period - Off-side.
13:03 of 2nd period - Alexandre Burrows wins face-off versus Antoine Vermette in neutral zone.
13:06 of 2nd period - Wrist shot by Milan Lucic.
13:06 of 2nd period - Shot Misses the Net.
13:08 of 2nd period - Slapshot by Kimmo Timonen.
13:08 of 2nd period - Stopped by Pascal Leclaire without a rebound.
13:09 of 2nd period - Alexandre Burrows wins face-off versus Antoine Vermette in Stars zone.
13:16 of 2nd period - Snap shot by Johan Franzen.
13:16 of 2nd period - Shot Misses the Net.
13:22 of 2nd period - Backhand shot by Milan Lucic.
13:22 of 2nd period - Deflect By Pavel Kubina.
13:22 of 2nd period - Stopped by Pascal Leclaire with a rebound.
13:24 of 2nd period - Snap shot by Alexandre Burrows.
13:24 of 2nd period - Shot Blocked by Matthew Spiller.
13:36 of 2nd period - Snap shot by Antoine Vermette.
13:36 of 2nd period - Shot Misses the Net.
13:38 of 2nd period - Wrist shot by Michael Rupp.
13:38 of 2nd period - Shot Misses the Net.
13:39 of 2nd period - 10 Minutes Game Misconduct Penalty to Brad Richards is over.
13:40 of 2nd period - Slapshot by Matthew Spiller.
13:40 of 2nd period - Shot Misses the Net.
13:42 of 2nd period - Snap shot by Shane Doan.
13:42 of 2nd period - Deflect By Michael Rupp.
13:42 of 2nd period - Stopped by Hannu Toivonen with a rebound.
13:44 of 2nd period - Snap shot by Shane Doan.
13:44 of 2nd period - Shot Blocked by Kimmo Timonen.
13:46 of 2nd period - Snap shot by Michael Rupp.
13:46 of 2nd period - Shot Misses the Net.
14:00 of 2nd period - Wrist shot by Jaroslav Balastik.
14:00 of 2nd period - Shot Blocked by Cory Stillman.
14:42 of 2nd period - Alexandre Burrows is hit by Alexei Morozov and loses puck.
14:46 of 2nd period - Minor Penalty to Alexei Morozov for Holding.
14:47 of 2nd period - Brad Richards wins face-off versus Marty Reasoner in Stars zone.
15:22 of 2nd period - Marty Reasoner is hit by Bryan Berard and loses puck.
15:41 of 2nd period - Patrice Bergeron is hit by Jan Hlavac and loses puck.
16:06 of 2nd period - Snap shot by Cam Barker.
16:06 of 2nd period - Stopped by Pascal Leclaire with a rebound.
16:22 of 2nd period - Brad Richards is hit by Pavel Kubina and loses puck.
16:46 of 2nd period - Penalty to Alexei Morozov is over, Alexei Morozov is back on ice.
16:56 of 2nd period - Snap shot by Dustin Brown.
16:56 of 2nd period - Shot Blocked by Francis Bouillon.
17:08 of 2nd period - Snap shot by Byron Ritchie.
17:08 of 2nd period - Stopped by Pascal Leclaire without a rebound.
17:09 of 2nd period - Byron Ritchie wins face-off versus Michael Rupp in Stars zone.
17:10 of 2nd period - Slapshot by Jaroslav Balastik.
17:10 of 2nd period - Stopped by Pascal Leclaire with a rebound.
17:12 of 2nd period - Wrist shot by Byron Ritchie.
17:12 of 2nd period - Shot Blocked by Shane Doan.
17:14 of 2nd period - Wrist shot by Matt Greene.
17:14 of 2nd period - Deflect By Francis Bouillon.
17:14 of 2nd period - Goal by Matt Greene - Rangers : 2 - Stars : 4.
17:15 of 2nd period - Brad Richards wins face-off versus Antoine Vermette in neutral zone.
17:18 of 2nd period - Slapshot by Brent Seabrook.
17:18 of 2nd period - Shot Misses the Net.
17:20 of 2nd period - Wrist shot by Johan Franzen.
17:20 of 2nd period - Shot Misses the Net.
17:37 of 2nd period - Minor Penalty to Alexandre Burrows for Roughing.
17:38 of 2nd period - Brad Richards wins face-off versus Michael Rupp in Rangers zone.
17:38 of 2nd period - Brad Richards is hit by Matthew Spiller.
17:48 of 2nd period - Snap shot by Michael Rupp.
17:48 of 2nd period - Deflect By Milan Lucic.
17:48 of 2nd period - Stopped by Hannu Toivonen with a rebound.
17:50 of 2nd period - Snap shot by Matthew Spiller.
17:50 of 2nd period - Deflect By Michael Rupp.
17:50 of 2nd period - Shot Misses the Net.
17:50 of 2nd period - Puck is out of play.
17:51 of 2nd period - Michael Rupp wins face-off versus Brad Richards in Rangers zone.
18:04 of 2nd period - Slapshot by Alexei Morozov.
18:04 of 2nd period - Shot Misses the Net.
18:06 of 2nd period - Wrist shot by Michael Rupp.
18:06 of 2nd period - Shot Misses the Net.
18:24 of 2nd period - Off-side.
18:25 of 2nd period - Michael Rupp wins face-off versus Johan Franzen in neutral zone.
18:30 of 2nd period - Wrist shot by Cory Stillman.
18:30 of 2nd period - Shot Misses the Net.
18:32 of 2nd period - Backhand shot by Michael Rupp.
18:32 of 2nd period - Stopped by Hannu Toivonen with a rebound.
19:37 of 2nd period - Penalty to Alexandre Burrows is over, Alexandre Burrows is back on ice.
3rd period
0:01 of 3rd period - Antoine Vermette wins face-off versus Brad Richards in neutral zone.
0:10 of 3rd period - Wrist shot by Antoine Vermette.
0:10 of 3rd period - Stopped by Hannu Toivonen with a rebound.
0:16 of 3rd period - Wrist shot by Brad Richards.
0:16 of 3rd period - Shot Blocked by Pavel Kubina.
0:35 of 3rd period - Slapshot by Alexei Morozov.
0:35 of 3rd period - Stopped by Hannu Toivonen with a rebound.
0:52 of 3rd period - Minor Penalty to Alexandre Burrows for Hooking.
0:53 of 3rd period - Milan Lucic wins face-off versus Michael Rupp in Rangers zone.
0:58 of 3rd period - Michael Rupp is hit by Milan Lucic and loses puck.
2:13 of 3rd period - Slapshot by Brent Seabrook.
2:13 of 3rd period - Shot Misses the Net.
2:33 of 3rd period - Wrist shot by Valtteri Filppula.
2:33 of 3rd period - Shot Misses the Net.
2:35 of 3rd period - Wrist shot by Jaroslav Balastik.
2:35 of 3rd period - Goal by Jaroslav Balastik - Rangers : 3 - Stars : 4.
2:36 of 3rd period - Michael Rupp wins face-off versus Brad Richards in neutral zone.
2:39 of 3rd period - Mark Fistric is hit by Cory Stillman and loses puck.
2:52 of 3rd period - Penalty to Alexandre Burrows is over, Alexandre Burrows is back on ice.
3:06 of 3rd period - Slapshot by Antoine Vermette.
3:06 of 3rd period - Stopped by Hannu Toivonen without a rebound.
3:07 of 3rd period - Evgeny Artyukhin wins face-off versus Patrice Bergeron in Rangers zone.
3:34 of 3rd period - Backhand shot by Alexei Morozov.
3:34 of 3rd period - Stopped by Hannu Toivonen with a rebound.
3:36 of 3rd period - Snap shot by Alexei Morozov.
3:36 of 3rd period - Stopped by Hannu Toivonen without a rebound.
3:37 of 3rd period - Brad Richards wins face-off versus Antoine Vermette in Rangers zone.
4:15 of 3rd period - Snap shot by Antoine Vermette.
4:15 of 3rd period - Shot Misses the Net.
4:29 of 3rd period - Wrist shot by Antoine Vermette.
4:29 of 3rd period - Goal by Antoine Vermette - Rangers : 3 - Stars : 5.
4:30 of 3rd period - Michael Rupp wins face-off versus Brad Richards in neutral zone.
4:56 of 3rd period - Pavel Kubina is hit by Bryan Berard and loses puck.
5:21 of 3rd period - Wrist shot by Drew Stafford.
5:21 of 3rd period - Shot Misses the Net.
5:23 of 3rd period - Wrist shot by Alexandre Burrows.
5:23 of 3rd period - Stopped by Pascal Leclaire without a rebound.
5:24 of 3rd period - Antoine Vermette wins face-off versus Valtteri Filppula in Stars zone.
8:01 of 3rd period - Patrick Sharp is hit by Matthew Spiller and loses puck.
8:37 of 3rd period - Slapshot by Pavel Kubina.
8:37 of 3rd period - Stopped by Hannu Toivonen with a rebound.
8:39 of 3rd period - Slapshot by Matthew Spiller.
8:39 of 3rd period - Stopped by Hannu Toivonen without a rebound.
8:40 of 3rd period - Valtteri Filppula wins face-off versus Antoine Vermette in Rangers zone.
8:40 of 3rd period - Valtteri Filppula is hit by Antoine Vermette.
8:58 of 3rd period - Wrist shot by Patrice Bergeron.
8:58 of 3rd period - Shot Blocked by Patrik Elias.
9:00 of 3rd period - Wrist shot by Patrick Sharp.
9:00 of 3rd period - Stopped by Pascal Leclaire without a rebound.
9:01 of 3rd period - Michael Rupp wins face-off versus Patrice Bergeron in Stars zone.
9:03 of 3rd period - Icing by Milan Michalek.
9:04 of 3rd period - Patrice Bergeron wins face-off versus Michael Rupp in Stars zone.
9:29 of 3rd period - Snap shot by Kimmo Timonen.
9:29 of 3rd period - Stopped by Pascal Leclaire with a rebound.
9:39 of 3rd period - Snap shot by Antoine Vermette.
9:39 of 3rd period - Stopped by Hannu Toivonen with a rebound.
9:58 of 3rd period - Wrist shot by Pavel Kubina.
9:58 of 3rd period - Stopped by Hannu Toivonen with a rebound.
10:11 of 3rd period - Icing by Pavel Kubina.
10:12 of 3rd period - Brad Richards wins face-off versus Marty Reasoner in Stars zone.
10:13 of 3rd period - Snap shot by Johan Franzen.
10:13 of 3rd period - Stopped by Pascal Leclaire without a rebound.
10:14 of 3rd period - Brad Richards wins face-off versus Patrik Elias in Stars zone.
10:27 of 3rd period - Snap shot by Brad Richards.
10:27 of 3rd period - Shot Misses the Net.
10:29 of 3rd period - Slapshot by Cam Barker.
10:29 of 3rd period - Shot Blocked by Matthew Spiller.
10:45 of 3rd period - Icing by Mark Fistric.
10:46 of 3rd period - Patrice Bergeron wins face-off versus Michael Rupp in Rangers zone.
10:46 of 3rd period - Patrice Bergeron is hit by Shane Doan.
10:56 of 3rd period - Slapshot by Patrice Bergeron.
10:56 of 3rd period - Deflect By Patrick Sharp.
10:56 of 3rd period - Stopped by Pascal Leclaire with a rebound.
10:58 of 3rd period - Wrist shot by Patrick Sharp.
10:58 of 3rd period - Stopped by Pascal Leclaire with a rebound.
11:06 of 3rd period - Snap shot by Patrice Bergeron.
11:06 of 3rd period - Shot Blocked by Michael Rupp.
11:08 of 3rd period - Snap shot by Matt Greene.
11:08 of 3rd period - Stopped by Pascal Leclaire without a rebound.
11:09 of 3rd period - Antoine Vermette wins face-off versus Brad Richards in Stars zone.
11:14 of 3rd period - Slapshot by Alexei Morozov.
11:14 of 3rd period - Shot Blocked by Cam Barker.
12:19 of 3rd period - Bryan Berard is hit by Brian Pothier and loses puck.
12:27 of 3rd period - Minor Penalty to Francis Bouillon for High sticking.
12:28 of 3rd period - Marty Reasoner wins face-off versus Brad Richards in Stars zone.
12:53 of 3rd period - Matthew Spiller is hit by Valtteri Filppula and loses puck.
12:59 of 3rd period - Minor Penalty to Michael Rupp for Tripping.
13:00 of 3rd period - Brad Richards wins face-off versus Marty Reasoner in Stars zone.
13:31 of 3rd period - Wrist shot by Kimmo Timonen.
13:31 of 3rd period - Stopped by Pascal Leclaire without a rebound.
13:32 of 3rd period - Johan Franzen wins face-off versus Marty Reasoner in Stars zone.
14:27 of 3rd period - Penalty to Francis Bouillon is over, Francis Bouillon is back on ice.
14:44 of 3rd period - Valtteri Filppula is hit by Antoine Vermette and loses puck.
14:59 of 3rd period - Penalty to Michael Rupp is over, Michael Rupp is back on ice.
17:00 of 3rd period - Milan Lucic is hit by Francis Bouillon and loses puck.
17:50 of 3rd period - Filip Novak is hit by Matt Read and loses puck.
18:01 of 3rd period - Valtteri Filppula is hit by Antoine Vermette and loses puck.
18:14 of 3rd period - Milan Michalek is hit by Brad Richards and loses puck.
18:19 of 3rd period - Backhand shot by Milan Lucic.
18:19 of 3rd period - Stopped by Pascal Leclaire without a rebound.
18:20 of 3rd period - Brad Richards wins face-off versus Marty Reasoner in Stars zone.
19:02 of 3rd period - Icing by Matthew Spiller.
19:03 of 3rd period - Antoine Vermette wins face-off versus Brad Richards in Stars zone.
19:12 of 3rd period - Wrist shot by Johan Franzen.
19:12 of 3rd period - Stopped by Pascal Leclaire without a rebound.
19:13 of 3rd period - Marty Reasoner wins face-off versus Valtteri Filppula in Stars zone.
19:13 of 3rd period - Marty Reasoner is hit by Valtteri Filppula.
Output by the SimonT Hockey Simulator (STHS) for François Prévost -- Original Page W3C XHTML 1.0 Valid